 Dungeon Crawl Stone Soup version 0.30-a0-728-gc68057be0a (webtiles) character file.

Game seed: 11406640680330658549

6125 skittles the Spear-Bearer (level 10, -6/76 HPs)
             Began as a Merfolk Gladiator on Sept 9, 2022.
             Was a Priest of Dithmenos.
             Mangled by a hell rat (13 damage)
             ... on level 8 of the Dungeon on Jan 31, 2023.
             The game lasted 00:16:04 (7132 turns).

skittles the Spear-Bearer (Merfolk Gladiator)       Turns: 7132, Time: 00:16:04

Health: -6/76      AC: 13    Str: 21    XL:     10   Next: 89%
Magic:  14/14      EV: 19    Int:  6    God:    Dithmenos [***...]
Gold:   474        SH:  0    Dex: 24    Spells: 9/9 levels left

rFire   . . .      SeeInvis +    o - +7 trident of the Gloaming {venom, Fragile Str+7 SInv}
rCold   . . .      Faith    +    (no shield)
rNeg    . . .      Spirit   .    w - +2 scale mail {rPois}
rPois   +          Reflect  .    y - +2 helmet
rElec   .          Harm     .    F - +0 cloak
rCorr   .          Rampage  .    h - +0 pair of gloves
Will    .....                    (no boots)
Stlth   ++                       H - amulet of faith
HPRegen 0.32/turn                g - ring of ice
MPRegen 0.14/turn                q - ring of fire

@: mighty, wreathed by umbra
A: (nimble swimmer 2), mertail, agile 1
a: Renounce Religion, Shadow Step


You were on level 8 of the Dungeon.
You worshipped Dithmenos.
Dithmenos was most pleased with you.
You visited 1 branch of the dungeon, and saw 8 of its levels.

You collected 474 gold pieces.

Inventory:

Hand Weapons
 a - a +1 trident
 o - the +7 trident of the Gloaming (weapon) {venom, Fragile Str+7 SInv}
   (You found it on level 2 of the Dungeon)

   Str:       It affects your strength (+7).
   SInv:      It lets you see invisible.
   Fragile:   It will be destroyed if unequipped.
 p - a +3 trident of pain
 B - a +2 quarterstaff of chaos
Missiles
 d - 7 throwing nets (quivered)
 e - 6 javelins
 E - 3 atropa-tipped darts
Armour
 b - a +0 leather armour
 c - a +1 helmet
 h - a +0 pair of gloves (worn)
 i - a +0 ring mail
 l - a scarf of invisibility
 w - a +2 scale mail of poison resistance (worn)
 y - a +2 helmet (worn)
 F - a +0 cloak (worn)
Jewellery
 g - a ring of ice (left hand)
 q - a ring of fire (right hand)
 H - an amulet of faith (around neck)
Wands
 D - a wand of acid (10)
Scrolls
 f - 2 scrolls of enchant armour
 j - 2 scrolls of magic mapping
 m - 2 scrolls of blinking
 n - a scroll of teleportation
 t - a scroll of enchant weapon
 G - 3 scrolls of silence
 I - a scroll of butterflies
Potions
 k - 3 potions of flight
 r - a potion of brilliance
 s - a potion of resistance
 u - 2 potions of attraction
 v - 6 potions of curing
 x - 2 potions of might
 z - a potion of degeneration
 C - a potion of cancellation
 J - 2 potions of haste


   Skills:
 - Level 5.7 Fighting
 - Level 13.5 Polearms
 - Level 2.0 Throwing
 * Level 12.7 Dodging
 * Level 3.3 Stealth
 + Level 6.6 Invocations


You had 9 spell levels left.
You didn't know any spells.
Your spell library contained the following spells:

 Spells                   Type           Power      Damage    Failure   Level
 Ensorcelled Hibernation  Hex/Ice        0%         N/A       91%         2
 Passwall                 Tmut/Erth      0%         N/A       91%         2
 Swiftness                Air            0%         N/A       99%         3
 Fireball                 Conj/Fire      0%         3d3       100%        5
 Iskenderun's Battlesphe  Conj           0%         2d6       100%        5
 Summon Forest            Summ/Tloc      0%         N/A       100%        5
 Summon Mana Viper        Hex/Summ       0%         N/A       100%        5
 Conjure Ball Lightning   Conj/Air       0%         3x3d6     100%        6
 Summon Cactus Giant      Summ           0%         N/A       100%        6
 Orb of Destruction       Conj           0%         9d5       100%        7


Dungeon Overview and Level Annotations

Branches:
Dungeon (8/15)             Temple (0/1) D:7            Lair (0/5) D:8

Altars:
Dithmenos
Makhleb
Qazlal
Vehumet
Zin

Shops:
D:3 ?


Innate Abilities, Weirdness & Mutations

((You are very nimble when in or above water. (Stealth+, EV+, Speed+++)))
Your lower body shifts to a powerful aquatic tail in water.
You are agile. (Dex +4, Str/Int -1)


Message History

The killer bee barely misses you. x2
An orc wizard comes into view. It is wielding a +0 dagger.
The river rat completely misses you.
The death yak gores you but does no damage.
The hell rat bites you but does no damage.
The orc wizard shouts!
You puncture the death yak!
The death yak looks as sick as possible!
The death yak is heavily wounded.
The killer bee misses you. The killer bee closely misses you.
The killer bee stings you.
* * * LOW HITPOINT WARNING * * *
The quokka completely misses you.
You puncture the death yak!
The death yak looks as sick as possible!
The death yak is severely wounded.
The killer bee misses you. The killer bee closely misses you. x2
The hell rat twitches its whiskers.
The hell rat closely misses you. The river rat barely misses you.
The death yak gores you.
* * * LOW HITPOINT WARNING * * *
An orc wizard comes into view. It is wielding a +0 dagger.
You puncture the death yak!
The death yak looks as sick as possible!
The death yak is almost dead.
The killer bee closely misses you. The killer bee misses you. x2
The quokka barely misses you. The hell rat misses you.
The quokka closely misses you.
The river rat bites you but does no damage.
The killer bee misses you. x2
The river rat twitches its whiskers.
The killer bee stings you but does no damage.
The death yak barely misses you.
Unknown command.
You barely miss the death yak.
The death yak is almost dead.
The quokka closely misses you. The killer bee barely misses you.
The killer bee misses you. The killer bee closely misses you.
The hell rat bites you!
You die...

#.......#.......'......#
+.......#.......#......#
#########.......#......#
...#########......#
..................+
.....$............#
............#######
......yyy...#
..#..Dr@r...#
....#rrYr...#
...r...Y....#
....r.......#
...r........#
o#..........#
.o..[.......#
>...........#


You could see 2 death yaks, an acid dragon, a hell rat, 3 killer bees, 2 orc
wizards, 2 river rats, 3 quokkas and 2 rats.

Vanquished Creatures
  A two-headed ogre (D:7)
  A death yak (D:8)
  An ugly thing (D:7)
  Grinder (D:5)
  A wyvern (D:7)
  3 yaks (D:8)
  A steam dragon (D:8)
  Menkaure (D:7)
  2 water moccasins
  An orc warrior (D:7)
  An ice beast (D:6)
  5 black bears
  2 ogres
  A centaur (D:7)
  A phantom (D:6)
  A gnoll sergeant (D:8)
  6 bullfrogs
  4 scorpions
  2 necrophages
  A wight (D:5)
  7 killer bees
  A howler monkey (D:5)
  An electric eel (D:8)
  3 hounds
  4 jellies
  Crazy Yiuf (D:5)
  5 gnoll boudas
  7 orc priests
  4 iguanas
  5 orc wizards
  17 gnolls
  8 adders
  A shadow imp (D:5)
  3 white imps
  An ufetubus (D:5)
  A worm (D:3)
  2 dart slugs
  17 orcs
  3 bats
  8 endoplasms
  6 goblins
  7 hobgoblins
  7 jackals
  7 kobolds
  2 quokkas (D:1)
  7 ball pythons
  6 frilled lizards
  7 rats
185 creatures vanquished.

Notes
Turn   | Place    | Note
-------+----------+-------------------------------------------
     0 | D:1      | skittles the Merfolk Gladiator began the quest for the Orb.
     0 | D:1      | Reached XP level 1. HP: 16/16 MP: 1/1
   226 | D:1      | Reached XP level 2. HP: 22/22 MP: 2/2
   456 | D:1      | Found a faded altar of an unknown god.
   606 | D:1      | Reached XP level 3. HP: 28/28 MP: 3/3
   719 | D:2      | Reached skill level 5 in Polearms
   975 | D:2      | Reached skill level 5 in Dodging
  1269 | D:2      | Reached XP level 4. HP: 34/34 MP: 4/4
  1503 | D:2      | Identified the +7 trident of the Gloaming {venom, Fragile
                  | Str+7 SInv}
  1915 | D:3      | Found Tiatack's Magic Scroll Boutique.
  2104 | D:3      | Found a radiant altar of Vehumet.
  2108 | D:3      | Found a shadowy altar of Dithmenos.
  2113 | D:3      | Became a worshipper of Dithmenos the Shadowed
  2118 | D:3      | Found a stormy altar of Qazlal.
  2526 | D:4      | Noticed an ogre
  2530 | D:4      | Reached skill level 6 in Polearms
  2534 | D:4      | Killed an ogre
  2535 | D:4      | Reached skill level 7 in Polearms
  2535 | D:4      | Reached XP level 5. HP: 40/40 MP: 5/5
  2553 | D:4      | Reached XP level 6. HP: 45/47 MP: 6/6
  3379 | D:5      | Entered Level 5 of the Dungeon
  3440 | D:5      | Noticed Grinder
  3444 | D:5      | Reached skill level 8 in Polearms
  3445 | D:5      | Noticed a black bear
  3459 | D:5      | Killed Grinder
  3460 | D:5      | Reached skill level 9 in Polearms
  3460 | D:5      | Reached XP level 7. HP: 48/52 MP: 7/7
  3539 | D:5      | Found a glowing silver altar of Zin.
  3742 | D:5      | Reached skill level 10 in Polearms
  3746 | D:5      | Reached XP level 8. HP: 58/60 MP: 8/8
  3959 | D:5      | Reached * piety under Dithmenos
  3966 | D:5      | Reached skill level 11 in Polearms
  4321 | D:5      | Found a runed translucent door.
  4322 | D:5      | Noticed Crazy Yiuf
  4332 | D:5      | Killed Crazy Yiuf
  4686 | D:6      | Reached skill level 12 in Polearms
  4719 | D:6      | Found a burning altar of Makhleb.
  4728 | D:6      | Reached XP level 9. HP: 67/67 MP: 9/9
  4805 | D:6      | Reached skill level 5 in Fighting
  5107 | D:6      | Reached ** piety under Dithmenos
  5813 | D:6      | Gained mutation: You are somewhat resistant to further
                  | mutation. [potion of mutation]
  5813 | D:6      | Gained mutation: You are clumsy. (Dex -2) [potion of
                  | mutation]
  5814 | D:6      | Lost mutation: You are somewhat resistant to further
                  | mutation. [potion of mutation]
  5814 | D:6      | Lost mutation: You are clumsy. (Dex -2) [potion of
                  | mutation]
  5814 | D:6      | Gained mutation: You are agile. (Dex +4, Str/Int -1)
                  | [potion of mutation]
  5815 | D:6      | Upgraded the game from 0.30-a0-55-g90e3122c3a to
                  | 0.30-a0-728-gc68057be0a
  5835 | D:7      | Reached skill level 1 in Invocations
  5894 | D:7      | Reached skill level 10 in Dodging
  5949 | D:7      | Found a staircase to the Ecumenical Temple.
  6142 | D:7      | Reached *** piety under Dithmenos
  6182 | D:7      | Noticed a green ugly thing
  6191 | D:7      | Noticed a two-headed ogre
  6194 | D:7      | Killed a green ugly thing
  6195 | D:7      | Reached skill level 13 in Polearms
  6195 | D:7      | Reached XP level 10. HP: 55/76 MP: 11/13
  6210 | D:7      | Killed a two-headed ogre
  6211 | D:7      | Reached skill level 5 in Invocations
  6406 | D:7      | Noticed Menkaure
  6413 | D:7      | Killed Menkaure
  7009 | D:8      | Reached skill level 1 in Stealth
  7108 | D:8      | Noticed a death yak
  7111 | D:8      | Noticed a death yak
  7122 | D:8      | Noticed a death yak
  7124 | D:8      | Killed a death yak
  7126 | D:8      | Found a staircase to the Lair.
  7132 | D:8      | Mangled by a hell rat

Illustrated notes

Levels and vault maps discovered:
D:1:      mushboom_english_gardens, layout_rooms, basic_ecumenical_altar
D:2:      layout_basic, minivault_19, kennysheep_doodads
D:3:      layout_basic, grunt_temple_overflow_diamond, serial_shops,
          shop_fountains, kennysheep_crisscross
D:4:      layout_basic, minivault_25
D:5:      layout_loops_ring, mainiacjoe_overflow_brackets,
          minmay_chambers_of_fives, uniq_grinder, uniq_crazy_yiuf_cottage
D:6:      layout_loops_corners, mainiacjoe_overflow_chevrons, serial_glass,
          glass_columns_b, glass_columns_c, glass_columns_c, glass_columns_b,
          glass_columns_c, glass_columns_a, glass_columns_a, glass_columns_c,
          glass_columns_a, glass_columns_b, glass_columns_b, glass_columns_a,
          glass_columns_c, glass_columns_b, nicolae_grassy_gnolls
D:7:      minmay_slanted_spiral_squares, layout_basic, minmay_temple_entry_grid,
          kennysheep_decorative_pillar, uniq_menkaure
D:8:      layout_gridville, dpeg_lair_monsters, serial_shops,
          nicolae_stop_n_shop_1, minivault_14

Skill      XL: |  1  2  3  4  5  6  7  8  9 10 |
---------------+-------------------------------+-----
Polearms       | 5 7 9 10 12 13 | 13.5
Dodging        | 5 6 8 11 12 | 12.7
Fighting       | 3 4 5 |  5.7
Invocations    | 4 6 |  6.6
Stealth        | 3 |  3.3
Throwing       | |  2.0

Action                     |  1- 3 |  4- 6 |  7- 9 | 10-12 || total
---------------------------+-------+-------+-------+-------++-------
  Melee: Trident           |   108 |    85 |   262 |   101 ||   556
         Punch             |     1 |     1 |     5 |     1 ||     8
         Tailslap          |       |       |       |     1 ||     1
    Use: Scroll            |     1 |    12 |     5 |     4 ||    22
         Potion            |     1 |     1 |     4 |     3 ||     9
   Stab: Sleeping          |     2 |     2 |       |       ||     4
         Distracted        |     1 |     1 |     1 |       ||     3
 Armour: Leather armour    |    29 |    14 |       |       ||    43
         Ring mail         |       |    12 |    35 |     6 ||    53
         Scale mail        |       |       |       |    19 ||    19
  Dodge: Dodged            |    48 |    39 |   181 |   154 ||   422

Table legend: (Time is in decaauts)
 A = Elapsed time spent in this place.
 B = Non-inter-level travel time spent in this place.
 C = Inter-level travel time spent in this place.
 D = Time resting spent in this place.
 E = Time spent auto-exploring this place.
 F = Levels seen in this place.
 G = Mean time per level.
                   A        B        C        D        E       F      G
               +--------+--------+--------+--------+--------+-----+--------+
         Total |   7006 |   6805 |    201 |    530 |   5130 |   8 |  875.8 |
       Dungeon |   7006 |   6805 |    201 |    530 |   5130 |   8 |  875.8 |
               +--------+--------+--------+--------+--------+-----+--------+

Top non-repeatable levels by time:
     D:6: 1343 daAuts
     D:5: 1035 daAuts
     D:4: 982 daAuts
     D:7: 946 daAuts
     D:2: 924 daAuts
     D:3: 766 daAuts
     D:1: 709 daAuts
     D:8: 296 daAuts
